Map: Deathaura LE

Players

Grubenhubert

  • Race: Protoss Protoss
  • League: Platinum
  • Spawn Location: 5:00

Hydropic - Winner!

  • Race: Zerg Zerg
  • League: Platinum
  • Spawn Location: 11:00

VOD

Have the link to the VOD?

Description

Time

  • Played on: Dec. 28, 2020, 11:06 a.m.
  • Length: 17:00
Show
View Real Time Build Order
Export as new Build Order

Grubenhubert Protoss 

Build Orders: 1 Gate Expand, Zealot Archon 

Get SALT Encoding   

  12  0:00  Probe  
  13  0:12  Probe  
  14  0:18  Pylon  
  14  0:24  Probe (Chrono Boost)  
  15  0:37  Probe (Chrono Boost)  
  15  0:41  Gateway  
  16  0:44  Probe (Chrono Boost)  
  17  0:51  Probe  
  17  0:54  Assimilator  
  18  1:03  Probe  
  19  1:15  Probe  
  20  1:27  Probe  
  21  1:35  Nexus  
  21  1:39  Probe  
  22  1:45  Pylon  
  22  1:51  Cybernetics Core  
  22  1:52  Probe  
  23  1:56  Assimilator  
  23  2:04  Probe (Chrono Boost)  
  24  2:15  Probe (Chrono Boost)  
  25  2:27  Stargate  
  25  2:34  Adept  
  25  2:35  Warp Gate  
  27  2:38  Probe (Chrono Boost)  
  28  2:49  Probe (Chrono Boost)  
  28  2:50  Probe (Chrono Boost)  
  31  2:58  Probe (Chrono Boost)  
  31  2:59  Twilight Council, Probe (Chrono Boost)  
  31  3:03  Probe (Chrono Boost)  
  31  3:04  Probe, Adept  
  36  3:15  Probe  
  36  3:16  Probe, Void Ray (Chrono Boost)  
  42  3:27  Probe, Assimilator  
  42  3:28  Probe  
  42  3:29  Assimilator  
  44  3:39  Pylon, Probe  
  44  3:40  Probe  
  46  3:46  Pylon  
  46  3:57  Sentry  
  48  4:24  Void Ray  
  48  4:30  Probe (Chrono Boost)  
  54  4:38  Stargate  
  54  4:40  Probe (Chrono Boost)  
  54  4:42  Probe (Chrono Boost)  
  53  4:47  Probe (Chrono Boost)  
  53  4:48  Probe (Chrono Boost)  
  53  4:57  Probe  
  53  4:58  Probe  
  55  5:05  Nexus  
  55  5:07  Pylon  
  55  5:08  Templar Archives  
  55  5:09  Pylon, Probe  
  55  5:10  Charge  
  55  5:12  Pylon  
  56  5:14  Gateway x2  
  56  5:25  Void Ray  
  56  5:26  Void Ray  
  56  5:34  Adept  
  66  6:16  Probe (Chrono Boost)  
  66  6:17  Probe (Chrono Boost)  
  68  6:18  Adept  
  68  6:21  Probe (Chrono Boost)  
  71  6:27  Psionic Storm  
  71  6:28  Probe x2 (Chrono Boost)  
  71  6:30  Forge, Probe (Chrono Boost)  
  71  6:32  High Templar x2  
  78  6:33  Probe x2 (Chrono Boost)  
  78  6:35  Probe (Chrono Boost)  
  78  6:37  Protoss Air Weapons Level 1 (Chrono Boost)  
  81  6:40  Void Ray  
  81  6:42  Probe x2  
  81  6:44  Gateway  
  81  6:45  Gateway  
  87  6:47  Gateway, Probe  
  87  6:49  Gateway  
  87  6:54  Zealot  
  90  6:55  Archon  
  90  6:56  Probe x2  
  90  6:59  Probe  
  90  7:00  Pylon  
  93  7:02  Assimilator  
  93  7:05  Pylon, Assimilator  
  93  7:08  Probe x2  
  93  7:11  Probe  
  93  7:12  Zealot  
  93  7:13  Zealot  
  100  7:16  Void Ray  
  100  7:17  Void Ray  
  100  7:20  Probe x2  
  106  7:26  Gateway x2  
  110  7:30  Pylon, Protoss Ground Weapons Level 1 (Chrono Boost)  
  110  7:38  Forge  
  110  7:40  Probe x3  
  113  7:48  Zealot x6  
  125  8:19  Shield Battery  
  125  8:20  Pylon, Shield Battery  
  125  8:21  Pylon  
  125  8:23  Pylon  
  125  8:27  Protoss Air Armor Level 1 (Chrono Boost)  
  125  8:30  Pylon, Nexus  
  125  8:32  Pylon  
  125  8:35  Pylon, Protoss Ground Armor Level 1 (Chrono Boost)  
  125  8:37  Void Ray x2  
  125  8:38  Pylon, Probe x3  
  125  8:39  Pylon  
  128  8:44  Gateway  
  128  8:46  Gateway  
  136  8:55  Probe x3  
  139  9:02  Shield Battery  
  139  9:04  Shield Battery  
  137  9:16  High Templar  
  137  9:17  High Templar x5  
  145  9:29  Oracle x2  
  151  9:39  Pylon  
  151  9:41  Pylon, Protoss Ground Weapons Level 2 (Chrono Boost)  
  151  9:46  Zealot  
  151  9:47  Zealot x4  
  151  9:48  Archon  
  151  9:51  High Templar  
  163  10:12  Probe (Chrono Boost)  
  164  10:15  Sentry x2  
  164  10:17  High Templar  
  164  10:18  High Templar  
  164  10:20  Probe (Chrono Boost)  
  173  10:22  Archon  
  173  10:26  Probe  
  170  10:56  Zealot x4  
  178  10:59  High Templar x4  
  186  11:05  Archon x2  
  186  11:14  Shield Battery  
  186  11:15  Assimilator  
  186  11:16  Photon Cannon  
  186  11:17  Photon Cannon, Assimilator, Shield Battery  
  162  11:41  Zealot  
  162  11:42  Zealot x10  
  182  12:09  Shield Battery  
  182  12:32  High Templar x9  
  178  12:55  Photon Cannon  
  178  12:56  Fleet Beacon  
  178  12:57  Photon Cannon  
  178  12:58  Protoss Ground Weapons Level 3 (Chrono Boost)  
  178  12:59  Shield Battery  
  178  13:01  Protoss Ground Armor Level 2 (Chrono Boost)  
  178  13:11  Archon x3  
  178  13:16  Stalker  
  178  13:17  Stalker x6  
  178  13:18  High Templar  
  178  13:19  High Templar x2  
  195  13:28  Oracle  
  198  13:41  Zealot  
  200  13:54  Flux Vanes  
  200  14:11  Cybernetics Core  
  200  14:18  Protoss Air Weapons Level 2 (Chrono Boost)  
  200  14:38  Nexus  
  200  14:39  Pylon  
  200  14:42  Pylon  
  200  14:45  Pylon  
  200  15:18  Assimilator  
  115  15:54  Zealot  
  115  15:55  Zealot x7  
  115  15:56  Zealot x3  
  111  16:22  Probe  
  112  16:26  High Templar x7  
  112  16:27  High Templar x4  
  112  16:31  Archon x2  
  112  16:32  Archon  
  140  16:47  Archon x3  
Show
View Real Time Build Order
Export as new Build Order

Hydropic Zerg - Winner!

Build Orders: Hatch First, Lurkers 

Get SALT Encoding   

  12  0:00  Drone  
  13  0:13  Overlord  
  13  0:18  Drone  
  14  0:31  Drone  
  14  0:32  Drone  
  16  0:37  Drone  
  17  0:52  Hatchery  
  17  0:56  Drone  
  17  0:59  Drone  
  18  1:10  Extractor  
  17  1:15  Spawning Pool  
  17  1:18  Drone  
  17  1:22  Drone  
  18  1:29  Drone  
  19  1:41  Overlord  
  19  1:50  Drone  
  20  2:02  Drone, Queen  
  20  2:03  Queen  
  20  2:04  Drone  
  26  2:10  Metabolic Boost  
  26  2:14  Drone  
  26  2:15  Drone  
  28  2:23  Drone  
  28  2:28  Drone  
  30  2:33  Drone  
  30  2:36  Drone  
  32  2:40  Queen  
  34  2:46  Drone x2  
  36  2:54  Overlord  
  36  3:12  Drone x2, Hatchery  
  37  3:13  Drone, Overlord  
  37  3:14  Drone x3  
  37  3:15  Drone x2  
  43  3:23  Drone  
  44  3:29  Extractor  
  44  3:31  Queen  
  44  3:32  Drone  
  44  3:33  Drone  
  47  3:36  Extractor  
  46  3:49  Drone x2  
  46  3:50  Drone  
  46  3:52  Zergling x6  
  52  4:01  Spore Crawler  
  51  4:04  Spore Crawler  
  50  4:15  Overlord x4  
  50  4:28  Overlord  
  50  4:33  Drone  
  50  4:34  Drone x2  
  50  4:36  Drone  
  50  4:37  Drone x2  
  55  4:45  Drone  
  55  4:46  Drone x4, Queen  
  62  4:56  Lair  
  62  4:57  Pneumatized Carapace  
  62  4:59  Drone x5  
  67  5:00  Extractor  
  67  5:03  Extractor  
  65  5:15  Zergling x10  
  70  5:21  Zergling x2  
  70  5:22  Queen  
  73  5:30  Overlord x3  
  73  5:35  Hatchery  
  73  5:38  Evolution Chamber  
  73  5:39  Evolution Chamber  
  73  5:40  Drone x3, Queen  
  75  5:44  Drone  
  75  5:45  Drone x2  
  78  6:04  Zerg Missile Weapons Level 1, Zerg Ground Armor Level 1  
  78  6:23  Hydralisk Den  
  77  6:27  Zergling x2  
  77  6:28  Zergling x22  
  89  6:44  Zergling x8  
  93  6:47  Baneling Nest  
  93  6:49  Overseer  
  93  6:53  Hydralisk x4  
  100  6:58  Drone  
  100  6:59  Drone, Queen, Lurker Den  
  103  7:09  Hydralisk x4  
  103  7:11  Overlord x5  
  111  7:30  Hatchery, Hydralisk x10  
  130  7:41  Hydralisk x6  
  142  7:53  Muscular Augments  
  135  8:09  Hydralisk  
  135  8:10  Hydralisk x2  
  141  8:14  Queen  
  143  8:23  Lurker  
  143  8:26  Drone x8  
  152  8:28  Overlord x4  
  152  8:29  Overlord x2  
  152  8:30  Extractor  
  152  8:31  Extractor  
  150  8:45  Hydralisk x4  
  150  8:46  Hydralisk  
  160  8:49  Drone x5  
  160  8:54  Hydralisk x2  
  169  9:05  Hydralisk  
  169  9:06  Hydralisk x2  
  161  9:25  Hydralisk x4  
  161  9:27  Drone x13  
  182  9:32  Drone x2  
  182  9:33  Drone x8  
  182  9:34  Drone x2  
  194  9:51  Baneling x7  
  194  9:52  Baneling  
  194  9:59  Overseer, Centrifical Hooks  
  192  10:15  Extractor  
  192  10:17  Extractor  
  190  10:27  Lurker x4  
  195  10:28  Lurker  
  195  10:31  Zergling x8  
  191  10:56  Drone  
  193  10:57  Drone x8  
  200  11:32  Zergling x6  
  199  11:37  Hydralisk  
  199  11:38  Hydralisk x13  
  197  11:44  Zergling x8  
  197  11:45  Zergling x10  
  198  11:57  Zerg Missile Weapons Level 2  
  198  11:58  Zerg Ground Armor Level 2  
  198  11:59  Infestation Pit  
  197  12:02  Overlord  
  188  12:23  Hydralisk  
  188  12:24  Hydralisk x5  
  188  12:48  Lurker x4  
  188  12:49  Lurker x6  
  188  12:51  Zergling x8  
  200  12:59  Hatchery  
  199  13:18  Hive  
  199  13:21  Zergling x2  
  198  13:39  Overlord x2  
  198  13:51  Overlord  
  198  14:14  Drone x2  
  200  14:24  Overseer  
  200  14:26  Hatchery  
  191  15:37  Hydralisk x7  
  195  15:43  Hydralisk x3  
  178  15:54  Hydralisk x5  
  178  15:55  Hydralisk x5  
  157  16:07  Hydralisk x4  
  157  16:08  Hydralisk x5  
  175  16:13  Drone x2  
  175  16:16  Hydralisk  
  173  16:21  Hydralisk x3  
Tags
 
Add a new tag
Caveats
  • Supply blocks, unpowered buildings, or Contaminate may cause inaccurate times.
  • Supply counts are checked every 10 seconds.